 Dungeon Crawl Stone Soup version 0.25.0-1-g7eea58d2a3 (webtiles) character file.

Game seed: 13598050811515448669

5 Esekla the Magician (level 1, 0/21 HPs)
             Began as a Barachi Wanderer on June 13, 2020.
             Slain by a jackal (2 damage)
             ... on level 1 of the Dungeon.
             The game lasted 00:02:41 (108 turns).

Esekla the Magician (Barachi Wanderer)               Turns: 108, Time: 00:02:41

Health: 0/21       AC: 20    Str: 11 (13) XL:     1   Next: 80%
Magic:  0/4        EV:  2    Int: 10 (13) God:
Gold:   18         SH:  0    Dex:  9 (10) Spells: 5/6 levels left

rFire    . . .     SeeInvis .   a - +0 club
rCold    . . .     Gourm    .   (no shield)
rNeg     + + +     Faith    .   (armour currently unavailable)
rPois    +         Spirit   .   (helmet currently unavailable)
rElec    .         Reflect  .   (cloak currently unavailable)
rCorr    .         Harm     .   (gloves currently unavailable)
MR       .....     NoTele   +   (boots currently unavailable)
Stlth    +.........             (no amulet)
HPRegen  0.07/turn              (no ring)
MPRegen  0.09/turn              (no ring)

@: tree-form, very slightly contaminated
A: +LOS, swims
a: no special abilities


You were on level 1 of the Dungeon.
You were not hungry.
You were a tree.
You visited 1 branch of the dungeon, and saw 1 of its levels.

You collected 18 gold pieces.

Inventory:

Hand Weapons
 a - a +0 club (weapon)
Armour
 d - a +0 robe (melded)
Scrolls
 b - a scroll of immolation {unknown}
 e - a scroll of enchant armour {unknown}
 h - a scroll of blinking {unknown}
Comestibles
 f - a ration


   Skills:
 * Level 0.8 Fighting
 + Level 1.0 Stealth
   Level 1.1 Shields
 + Level 3.4 Spellcasting
 * Level 0.1 Conjurations
   Level 3.2 Hexes
   Level 2.1 Charms


You had 5 spell levels left.
You knew the following spells:

 Your Spells              Type           Power        Failure   Level  Hunger
a - Magic Dart            Conj           #...         26%         1    #......

Your spell library contained the following spells:

 Spells                   Type           Power        Failure   Level  Hunger
 Slow                     Hex            #.......     11%         2    ###....
 Swiftness                Chrm/Air       #.......     26%         2    ###....
 Blink                    Tloc           N/A          38%         2    ###....
 Call Imp                 Summ           #.......     38%         2    ###....
 Poisonous Vapours        Pois/Air       #.....       38%         2    ###....
 Conjure Flame            Conj/Fire      #.......     61%         3    ###....
 Mephitic Cloud           Conj/Pois/Air  #.......     61%         3    ###....


Dungeon Overview and Level Annotations

Branches:
Dungeon (1/15)

Altars:


Innate Abilities, Weirdness & Mutations

You can be seen from farther away. (+LOS)
You can swim through water.
((You cover ground slowly.))
((You can hop short distances.))


Message History

You hit the rat but do no damage.
The rat is moderately wounded.
The rat barely misses you. The rat bites you.
* * * LOW HITPOINT WARNING * * *
The rat completely misses you. The rat barely misses you.
You closely miss the rat.
The rat is moderately wounded.
The rat bites you but does no damage. x2
Casting: Magic Dart (safe; 26% risk of failure)
Confirm with . or Enter, or press ? or * to list all spells.
Aiming: Magic Dart (safe; 26% risk of failure)
Press: ? - help, Shift-Dir - straight line, f - rat
Aim: a rat (moderately wounded)
The magic dart hits the rat.
You kill the rat!
The rat bites you but does no damage.
You hit the rat.
You kill the rat!
The jackal bites you.
You die...

#........# #g#........
#######)#+# #.#...##.##
#.........# #.#...##.#.
#.........# #.#...##.#.
##.........#######.#...##.'.
#..........#...........####.
#........hs#...........# #.
#....###.#h#...........#####
#....# #.#†♣................
#....# #.###........#.#.....
#....# #..(+..........+.....
#....# #####........#.#.....
#....# #........#.######
###### #........#.#
##########.# #.# #.#


You could see 2 jackals and a giant cockroach.

Vanquished Creatures
  A hobgoblin (D:1)
  2 jackals (D:1)
  2 rats (D:1)
5 creatures vanquished.

Notes
Turn   | Place    | Note
-------+----------+-------------------------------------------
     0 | D:1      | Esekla the Barachi Wanderer began the quest for the Orb.
     0 | D:1      | Esekla set off with the following items: a +0 club, a
                  | potion of lignification, a +0 robe, a ration; and the
                  | following spell memorised: Magic Dart; and the following
                  | spells available to memorise: Slow, Swiftness, Blink, Call
                  | Imp, Poisonous Vapours, Conjure Flame, Mephitic Cloud
     0 | D:1      | Reached XP level 1. HP: 13/13 MP: 4/4
   108 | D:1      | Slain by a jackal

Illustrated notes

Levels and vault maps discovered:
D:1:      dpeg_arrival_renting, layout_basic

Action                   || total
-------------------------++-------
Melee: Club              ||    29
 Cast: Magic Dart        ||     4
  Use: Potion            ||     2
Armor: Skin              ||    53
       Robe              ||     3
Dodge: Dodged            ||    16
